 Dungeon Crawl Stone Soup version 0.30-a0-540-g0af01429fa (webtiles) character file.

Game seed: 3528952044120012341

2420 whiskeysaurus the Zephyrmancer (level 9, -3/45 HPs)
             Began as a Tengu Summoner on Dec 25, 2022.
             Was an Initiate of Gozag.
             Killed from afar by a steam dragon (18 damage)
             ... with a ball of steam
             ... on level 7 of the Dungeon.
             The game lasted 00:27:56 (9325 turns).

whiskeysaurus the Zephyrmancer (Tengu Summoner)     Turns: 9325, Time: 00:27:56

Health: -3/45      AC:  3    Str: 14    XL:     9   Next: 48%
Magic:  10/18      EV: 18    Int: 26    God:    Gozag
Gold:   505        SH:  0    Dex: 15    Spells: 8/18 levels left

rFire   . . .      SeeInvis .    g - +0 spear (pain)
rCold   . . .      Faith    .    (no shield)
rNeg    . . .      Spirit   .    a - +1 robe
rPois   .          Reflect  .    (helmet restricted)
rElec   .          Harm     .    (no cloak)
rCorr   .          Rampage  .    (no gloves)
Will    .....                    (boots unavailable)
Stlth   ++                       (no amulet)
HPRegen 0.27/turn                l - +6 ring of intelligence
MPRegen 0.16/turn                s - +6 ring of strength

@: flying quickly and evasively, studying Long Blades, quick
A: beak, talons 3, nimble flight
a: Renounce Religion, Potion Petition, Call Merchant, Bribe Branch


You were on level 7 of the Dungeon.
You worshipped Gozag.
Gozag was pleased with you.
You visited 2 branches of the dungeon, and saw 8 of its levels.

You collected 605 gold pieces.
You paid 100 gold pieces to Gozag.

Inventory:

Hand Weapons
 g - a +0 spear of pain (weapon)
 r - a +0 trident
 x - a +4 dagger of venom
Armour
 a - a +1 robe (worn)
 c - a +0 leather armour
Jewellery
 l - a +6 ring of intelligence (left hand)
 q - a ring of fire
 s - a +6 ring of strength (right hand)
Wands
 A - a wand of flame (21)
Scrolls
 d - 2 scrolls of teleportation
 e - a scroll of poison
 j - a scroll of identify
 n - a scroll of blinking {unknown}
 p - a scroll of magic mapping {unknown}
 t - a scroll of brand weapon {unknown}
 v - 3 scrolls of enchant armour
 y - a scroll of immolation {unknown}
 C - a scroll of butterflies {unknown}
 D - a scroll of enchant weapon {unknown}
Potions
 b - 2 potions of magic
 f - 2 potions of resistance
 h - 7 potions of curing
 i - a potion of invisibility {unknown}
 k - 2 potions of degeneration
 m - a potion of haste {unknown}
 o - a potion of might {unknown}
 u - a potion of cancellation {unknown}
 w - a potion of lignification {unknown}
 z - a potion of mutation {unknown}
 B - 2 potions of flight
 E - a potion of heal wounds {unknown}


   Skills:
 + Level 6.4 Dodging
 - Level 3.0 Stealth
 + Level 5.4 Spellcasting
 + Level 8.2 Summonings
 * Level 9.7 Air Magic
 + Level 0.8 Earth Magic


You had 8 spell levels left.
You knew the following spells:

 Your Spells              Type           Power      Damage    Failure   Level
a - Summon Small Mammal   Summ           100%       N/A       1%          1
b - Call Imp              Summ           50%        N/A       1%          2
c - Call Canine Familiar  Summ           50%        N/A       1%          3
d - Summon Lightning Spi  Summ/Air       52%        N/A       1%          4

Your spell library contained the following spells:

 Spells                   Type           Power      Damage    Failure   Level
 Poisonous Vapours        Pois/Air       64%        N/A       1%          2
 Vhi's Electric Charge    Tloc/Air       64%        N/A       3%          3
 Summon Guardian Golem    Hex/Summ       28%        N/A       4%          3
 Sandblast                Erth           22%        2d7       5%          1
 Slow                     Hex            28%        N/A       8%          1
 Sting                    Tmut/Pois      28%        1d4       8%          1
 Passwall                 Tmut/Erth      7%         N/A       10%         2
 Stone Arrow              Conj/Erth      18%        3d8       19%         3
 Confusing Touch          Hex            7%         N/A       22%         3
 Vampiric Draining        Necr           7%         2d6       22%         3
 Arcjolt                  Conj/Air       16%        1d26      28%         5
 Silence                  Hex/Air        16%        N/A       28%         5
 Olgreb's Toxic Radiance  Pois           7%         N/A       58%         4
 Passage of Golubria      Tloc           7%         N/A       58%         4
 Lehudib's Crystal Spear  Conj/Erth      4%         10d3      100%        8
 Maxwell's Capacitive Co  Air            27%        ∞         100%        8


Dungeon Overview and Level Annotations

Branches:
Dungeon (7/15)             Temple (1/1) D:5

Altars:
Fedhas
Gozag
Kikubaaqudgha
Ru
Vehumet
Xom
Yredelemnul

Annotations:
D:3 2 transporters
D:7 Maggie


Innate Abilities, Weirdness & Mutations

You have a beak for a mouth.
You have claws for feet.
Your magical nature lets you fly swiftly and evasively.


Message History

Done exploring.
Done exploring.
There is a stone staircase leading down here.
You fly downwards.
Level annotation: Maggie
There is a stone staircase leading up here.
You now have 505 gold pieces (gained 10).
A steam dragon comes into view.
The steam dragon hisses angrily.
The steam dragon breathes steam at you. The ball of steam hits you!!
The steam dragon moves out of view.
Casting: Summon Lightning Spire (dangerous; 1% risk of failure)
Confirm with . or Enter, or press ? or * to list all spells.
An electric hum fills the air.
Casting: Summon Lightning Spire (dangerous; 1% risk of failure)
Confirm with . or Enter, or press ? or * to list all spells.
The steam dragon breathes steam at you. The ball of steam misses you.
Casting: Call Canine Familiar (safe; 1% risk of failure)
Confirm with . or Enter, or press ? or * to list all spells.
A beastly little devil appears in a puff of flame.
You swap places.
Your wolf barely misses the steam dragon.
You could not reach far enough!
Your wolf bites the steam dragon but does no damage.
The steam dragon misses your wolf. x2; Your wolf misses the steam dragon.
Your crimson imp blinks!
You could not reach far enough!
Your wolf barely misses the steam dragon.
The steam dragon breathes steam at you. The ball of steam hits your wolf!
The ball of steam hits you!
Your wolf is engulfed in a cloud of scalding steam.
Your wolf bites the steam dragon!
The steam dragon breathes steam at you. The ball of steam hits your wolf!
Your wolf dies!
Your wolf's corpse disappears in a puff of smoke!
The ball of steam hits you!!
You die...
Your body crumbles into a pile of gold.

#..§D.... $ #.#
#.# #.# ### #.#
##8###D#
##....§.# #
##....D#####....
#.....§§@....#
##.....#######
#.§..## #.#.##
#.#.# #.####
#.#.# #.....
#<#.# # #.#.# #
#.#.. #


You could see a steam dragon (catching breath).

Vanquished Creatures
  Prince Ribbit (D:5)
  A black bear (D:6)
  An ogre (D:4)
  A phantom (D:6)
  2 necrophages (D:5)
  A killer bee (D:6)
  A human zombie (D:5)
  A hound (D:5)
  A hound zombie (D:5)
  Robin (D:3)
  An adder (D:4)
  A gnoll (D:1)
  A shadow imp (D:5)
  A white imp (D:5)
  An ufetubus (D:4)
  2 dart slugs
  9 orcs
  4 ball pythons
  An endoplasm (D:1)
  2 giant cockroaches
  5 goblins
  2 hobgoblins (D:3)
  5 bats
  A frilled lizard (D:1)
  3 kobolds
  3 rats
53 creatures vanquished.

Vanquished Creatures (collateral kills)
  2 black bears
  2 ice beasts
  3 phantoms
  Blork the orc (D:4)
  A kobold brigand (D:6)
  A bullfrog (D:6)
  A wyvern zombie (D:5)
  3 necrophages (D:5)
  2 killer bees (D:6)
  2 centaur zombies (D:5)
  An orc priest (D:6)
  5 orc wizards
  3 iguanas
  A hound zombie (D:5)
  A mummy (D:5)
  5 adders
  4 gnolls (D:4)
  A shadow imp (D:7)
  3 white imps
  An ufetubus (D:6)
  A worm (D:2)
  A dart slug (D:2)
  17 orcs
  2 endoplasms (D:1)
  A giant cockroach (D:1)
  8 goblins (D:3)
  6 hobgoblins
  A quokka (D:1)
  2 ball pythons
  5 bats
  2 frilled lizards (D:3)
  5 kobolds
  3 rats
97 creatures vanquished.

Grand Total: 150 creatures vanquished

Notes
Turn   | Place    | Note
-------+----------+-------------------------------------------
     0 | D:1      | whiskeysaurus the Tengu Summoner began the quest for the
                  | Orb.
     0 | D:1      | Reached XP level 1. HP: 10/10 MP: 4/4
   203 | D:1      | Reached XP level 2. HP: 15/15 MP: 3/6
   206 | D:1      | Reached skill level 5 in Summonings
   478 | D:1      | Reached XP level 3. HP: 19/19 MP: 5/7
   985 | D:2      | Found a shimmering altar of Xom.
  1840 | D:2      | Reached XP level 4. HP: 24/24 MP: 5/8
  2254 | D:3      | Noticed a phantom
  2326 | D:2      | Learned a level 2 spell: Call Imp
  2330 | D:2      | Learned a level 3 spell: Call Canine Familiar
  2555 | D:3      | Noticed Robin
  2651 | D:3      | Killed a phantom
  2652 | D:3      | Reached skill level 2 in Air Magic
  2652 | D:3      | Gained mutation: Your magical nature lets you fly swiftly
                  | and evasively. [Tengu growth]
  2652 | D:3      | Reached XP level 5. HP: 28/28 MP: 4/10
  2876 | D:3      | Found a transporter.
  3090 | D:3      | Noticed a phantom
  3112 | D:3      | Killed a phantom
  3113 | D:3      | Reached skill level 3 in Air Magic
  3113 | D:3      | Reached XP level 6. HP: 23/32 MP: 11/11
  3974 | D:3      | Killed Robin
  4056 | D:3      | Found a transporter.
  4923 | D:4      | Found an ancient bone altar of Kikubaaqudgha.
  4948 | D:4      | Reached skill level 4 in Air Magic
  5127 | D:4      | Found a blossoming altar of Fedhas.
  5128 | D:4      | Found a sacrificial altar of Ru.
  5536 | D:4      | Reached XP level 7. HP: 29/36 MP: 3/13
  5788 | D:5      | Entered Level 5 of the Dungeon
  5902 | D:4      | Reached skill level 5 in Air Magic
  6211 | D:4      | Noticed Blork the orc
  6231 | D:4      | Killed Blork the orc
  6462 | D:5      | Found a basalt altar of Yredelemnul.
  6561 | D:5      | Reached skill level 6 in Air Magic
  6758 | D:5      | Reached XP level 8. HP: 41/41 MP: 8/15
  6801 | D:5      | Reached skill level 5 in Dodging
  6818 | D:5      | Reached skill level 7 in Air Magic
  7037 | D:5      | Found a staircase to the Ecumenical Temple.
  7072 | Temple   | Entered the Ecumenical Temple
  7188 | Temple   | Became a worshipper of Gozag Ym Sagoz the Greedy
  7379 | D:5      | Learned a level 4 spell: Summon Lightning Spire
  7488 | D:5      | Noticed Prince Ribbit
  7503 | D:5      | Killed Prince Ribbit
  7504 | D:5      | Reached skill level 8 in Air Magic
  7574 | D:5      | Found a radiant altar of Vehumet.
  7834 | D:6      | Reached skill level 5 in Spellcasting
  7834 | D:6      | Reached XP level 9. HP: 45/45 MP: 6/17
  7923 | D:6      | Reached skill level 9 in Air Magic
  8889 | D:7      | Noticed Maggie
  9325 | D:7      | Killed from afar by a steam dragon

Illustrated notes

Levels and vault maps discovered:
D:1:      spicycebolla_arrival_xxxplode, layout_rooms
D:2:      layout_basic, basic_altar
D:3:      gammafunk_wand_slinger, layout_basic, uniq_robin
D:4:      layout_loops_ring, nicolae_kikubaaqudgha_miasma_corner,
          nicolae_overflow_squiral, minmay_crystal_room, glass_columns_c,
          minmay_a_box_with_orc_wizards_in_it, uniq_blork_the_orc
D:5:      layout_loops_ring, mainiacjoe_overflow_boulevard,
          lemuel_mausoleum_altar_yredelemnul,
          minmay_temple_entry_statues_fountains, uniq_prince_ribbit1
D:6:      layout_cave_pools, minmay_stone_trees_medium
D:7:      layout_loops_ring, uniq_joseph, uniq_maggie
Temple:   nicolae_temple_slightly_damp_pantheon

Skill      XL: |  1  2  3  4  5  6  7  8  9 |
---------------+----------------------------+-----
Summonings     | 5 6 7 8 |  8.2
Dodging        | 3 4 5 6 |  6.4
Stealth        | 3 |  3.0
Air Magic      | 2 3 4 6 8 9 |  9.7
Spellcasting   | 3 4 5 |  5.4
Earth Magic    | |  0.8

Action                   |  1- 3 |  4- 6 |  7- 9 || total
-------------------------+-------+-------+-------++-------
Melee: Unarmed           |    30 |       |       ||    30
       Peck              |     9 |     9 |    22 ||    40
       Kick              |    10 |    11 |    28 ||    49
       Club              |     6 |       |       ||     6
       Dagger            |     4 |    16 |       ||    20
       Punch             |     1 |     3 |     1 ||     5
       Trident           |       |    21 |       ||    21
       Spear             |       |    14 |   175 ||   189
 Cast: Summon Small Mamm |    49 |    56 |     8 ||   113
       Call Imp          |       |    15 |    23 ||    38
       Call Canine Famil |       |    19 |    36 ||    55
       Summon Lightning  |       |       |    14 ||    14
  Use: Scroll            |       |     3 |     4 ||     7
       Potion            |       |       |     1 ||     1
 Stab: Sleeping          |       |       |     4 ||     4
       Distracted        |       |       |     6 ||     6
Armor: Robe              |    13 |     9 |    10 ||    32
Dodge: Dodged            |    45 |    56 |    96 ||   197

Table legend: (Time is in decaauts)
 A = Elapsed time spent in this place.
 B = Non-inter-level travel time spent in this place.
 C = Inter-level travel time spent in this place.
 D = Time resting spent in this place.
 E = Time spent auto-exploring this place.
 F = Levels seen in this place.
 G = Mean time per level.
                   A        B        C        D        E       F      G
               +--------+--------+--------+--------+--------+-----+--------+
         Total |   9047 |   8691 |    356 |   1799 |   5175 |   8 | 1130.9 |
       Dungeon |   8922 |   8574 |    348 |   1799 |   5068 |   7 | 1274.6 |
        Temple |    124 |    116 |      8 |      0 |    106 |   1 |  124.0 |
               +--------+--------+--------+--------+--------+-----+--------+

Top non-repeatable levels by time:
     D:3: 1907 daAuts
     D:2: 1705 daAuts
     D:4: 1373 daAuts
     D:6: 1365 daAuts
     D:5: 1289 daAuts
     D:1: 1203 daAuts
  Temple: 124 daAuts
     D:7: 78 daAuts
